[ PARTIDA AOE2 · #493724567 ]
UnrankedFrancos vs Bohemians
Equipo del jugador · DERR
Equipo rival · VICT
[ ANÁLISIS DE REPETICIÓN · EXTRAÍDO DE LA PARTIDA GRABADA ]
Feudal
10:50
Castillos
14:57
Imperial
36:23
| APM promedio | 33.6 |
| APM pico | 72 |
| eAPM promedio | 19.4 |
| Aldeanos / militares | 103 / 95 |
Foco
⚔️ 37.5% · 🌾 62.5%
Scout Cavalry ×43 · Mangonel ×29 · Knight ×9 · Battering Ram ×5 · Monk ×4 · Spearman ×4
Feudal
11:22
Castillos
14:56
Imperial
28:17
| APM promedio | 45.1 |
| APM pico | 94 |
| eAPM promedio | 18.3 |
| Aldeanos / militares | 43 / 125 |
Foco
⚔️ 34.4% · 🌾 65.6%
Hussite Wagon ×93 · Monk ×20 · Trebuchet (Packed) ×12
Mapa de la partida
Recursos iniciales + cada clic de construcción. Líneas = muros · curvas = relieve. ◆ oro · ⬟ piedra · ● bayas · ✦ reliquia · ◌ hueco del cierre
Tu base· ✓ Cerrada en 14:57 · 0t muro · 3 puerta(s) · frágil
Base de ałe· ✓ Cerrada en 14:56 · 30t muro · 2 puerta(s)
Terreno inicial suavizado · ◌ = hueco del cierre detectado · pasá el cursor para detalles
Inputs por minuto
— Brennus - - ałe
Build order — Brennus
Primeras 150 de 367 acciones detectadas
| 0:01 | Crear | Villager (Male) |
| 0:01 | Crear | Villager (Male) |
| 0:02 | Construir | House |
| 0:04 | Construir | House |
| 0:29 | Crear | Villager (Male) |
| 0:37 | Crear | Villager (Male) |
| 1:32 | Crear | Villager (Male) |
| 1:49 | Construir | Lumber Camp |
| 2:03 | Crear | Villager (Male) |
| 2:03 | Crear | Villager (Male) |
| 2:19 | Crear | Villager (Male) |
| 2:19 | Crear | Villager (Male) |
| 2:51 | Crear | Villager (Male) |
| 2:52 | Crear | Villager (Male) |
| 3:17 | Crear | Villager (Male) |
| 3:35 | Crear | Villager (Male) |
| 3:37 | Construir | House |
| 4:14 | Construir | House |
| 4:30 | Crear | Villager (Male) |
| 4:30 | Crear | Villager (Male) |
| 4:58 | Crear | Villager (Male) |
| 5:11 | Crear | Villager (Male) |
| 5:59 | Construir | Mill |
| 6:00 | Crear | Villager (Male) |
| 6:00 | Crear | Villager (Male) |
| 6:43 | Crear | Villager (Male) |
| 7:15 | Crear | Villager (Male) |
| 7:28 | Construir | Mining Camp |
| 7:32 | Investigar | Loom |
| 7:59 | Construir | House |
| 8:12 | Crear | Villager (Male) |
| 8:31 | Investigar | Feudal Age |
| 8:34 | Construir | Mill |
| 9:05 | Crear | Villager (Male) |
| 9:06 | Construir | Farm |
| 9:10 | Construir | Farm |
| 9:33 | Construir | House |
| 9:45 | Crear | Villager (Male) |
| 10:33 | Construir | Farm |
| 10:50 | Edad | Edad Feudal |
| 10:57 | Construir | Market |
| 11:30 | Construir | Blacksmith |
| 11:34 | Crear | Villager (Male) |
| 12:17 | Investigar | Castle Age |
| 12:27 | Construir | Palisade Gate |
| 12:29 | Construir | House |
| 12:31 | Construir | House |
| 12:53 | Investigar | Double-Bit Axe |
| 13:03 | Construir | Farm |
| 13:17 | Construir | Barracks |
| 14:10 | Crear | Villager (Male) |
| 14:24 | Crear | Spearman |
| 14:31 | Crear | Spearman |
| 14:57 | Edad | Edad de los Castillos |
| 15:05 | Construir | Monastery |
| 15:06 | Crear | Villager (Male) |
| 15:11 | Crear | Spearman |
| 15:29 | Construir | Lumber Camp |
| 15:53 | Crear | Spearman |
| 15:54 | Crear | Monk |
| 15:55 | Crear | Villager (Male) |
| 16:22 | Crear | Villager (Male) |
| 16:22 | Crear | Villager (Male) |
| 16:41 | Construir | Siege Workshop |
| 16:43 | Crear | Monk |
| 16:48 | Crear | Villager (Male) |
| 16:51 | Construir | House |
| 16:53 | Construir | House |
| 16:58 | Crear | Villager (Male) |
| 17:13 | Crear | Mangonel |
| 17:26 | Construir | House |
| 17:28 | Construir | House |
| 17:29 | Construir | House |
| 17:33 | Construir | House |
| 17:34 | Construir | House |
| 17:39 | Crear | Villager (Male) |
| 18:01 | Crear | Villager (Male) |
| 18:04 | Construir | Mining Camp |
| 18:16 | Crear | Mangonel |
| 18:26 | Crear | Villager (Male) |
| 19:01 | Crear | Mangonel |
| 19:02 | Crear | Villager (Male) |
| 19:14 | Crear | Villager (Male) |
| 19:26 | Crear | Villager (Male) |
| 19:34 | Construir | Farm |
| 19:54 | Crear | Mangonel |
| 19:55 | Crear | Villager (Male) |
| 19:59 | Construir | Farm |
| 20:12 | Crear | Villager (Male) |
| 20:20 | Crear | Villager (Male) |
| 20:22 | Crear | Mangonel |
| 20:26 | Crear | Villager (Male) |
| 20:34 | Construir | Farm |
| 20:48 | Construir | Farm |
| 21:31 | Crear | Mangonel |
| 21:32 | Crear | Villager (Male) |
| 22:07 | Construir | Castle |
| 22:13 | Investigar | Gold Mining |
| 22:15 | Investigar | Fletching |
| 22:21 | Construir | Siege Workshop |
| 22:50 | Crear | Mangonel |
| 23:07 | Construir | Farm |
| 23:14 | Crear | Villager (Male) |
| 23:14 | Crear | Villager (Male) |
| 23:21 | Crear | Scorpion |
| 23:41 | Crear | Villager (Male) |
| 23:41 | Crear | Villager (Male) |
| 23:49 | Crear | Villager (Male) |
| 23:49 | Crear | Villager (Male) |
| 23:50 | Crear | Mangonel |
| 23:50 | Crear | Villager (Male) |
| 24:20 | Crear | Villager (Male) |
| 24:41 | Construir | Town Center |
| 25:05 | Construir | Farm |
| 25:08 | Construir | Farm |
| 25:24 | Construir | Farm |
| 25:57 | Crear | Villager (Male) |
| 26:05 | Construir | Farm |
| 26:11 | Construir | Farm |
| 26:13 | Crear | Villager (Male) |
| 26:14 | Crear | Villager (Male) |
| 26:26 | Construir | Farm |
| 26:31 | Construir | Farm |
| 26:32 | Crear | Villager (Male) |
| 26:41 | Construir | Farm |
| 26:45 | Construir | Farm |
| 26:47 | Crear | Villager (Male) |
| 26:47 | Crear | Villager (Male) |
| 27:06 | Crear | Battering Ram |
| 27:07 | Crear | Villager (Male) |
| 27:14 | Construir | Farm |
| 27:23 | Construir | Farm |
| 27:24 | Construir | Farm |
| 27:26 | Construir | Farm |
| 27:27 | Crear | Villager (Male) |
| 27:27 | Crear | Villager (Male) |
| 27:37 | Construir | Farm |
| 27:40 | Crear | Villager (Male) |
| 27:53 | Construir | Farm |
| 27:56 | Construir | Farm |
| 27:57 | Crear | Villager (Male) |
| 27:58 | Crear | Villager (Male) |
| 28:01 | Construir | Farm |
| 28:03 | Crear | Villager (Male) |
| 28:06 | Construir | Farm |
| 28:12 | Construir | Farm |
| 28:18 | Crear | Villager (Male) |
| 28:34 | Construir | Stable |
| 28:38 | Investigar | Forging |
| 28:49 | Construir | Farm |
Build order — ałe
Primeras 150 de 242 acciones detectadas
| 0:02 | Crear | Villager (Male) |
| 0:02 | Crear | Villager (Male) |
| 0:02 | Crear | Villager (Male) |
| 0:02 | Crear | Villager (Male) |
| 0:04 | Construir | House |
| 0:06 | Construir | House |
| 1:32 | Crear | Villager (Male) |
| 1:58 | Construir | Lumber Camp |
| 2:01 | Crear | Villager (Male) |
| 2:18 | Crear | Villager (Male) |
| 2:47 | Crear | Villager (Male) |
| 3:04 | Crear | Villager (Male) |
| 3:31 | Crear | Villager (Male) |
| 3:52 | Construir | House |
| 3:53 | Construir | House |
| 4:03 | Construir | Palisade Wall |
| 4:07 | Crear | Villager (Male) |
| 4:25 | Crear | Villager (Male) |
| 4:47 | Crear | Villager (Male) |
| 5:10 | Crear | Villager (Male) |
| 5:35 | Crear | Villager (Male) |
| 6:01 | Crear | Villager (Male) |
| 6:18 | Crear | Villager (Male) |
| 6:21 | Construir | Mill |
| 6:46 | Crear | Villager (Male) |
| 6:54 | Construir | Palisade Wall |
| 7:06 | Construir | Farm |
| 7:16 | Crear | Villager (Male) |
| 7:37 | Crear | Villager (Male) |
| 7:50 | Crear | Villager (Male) |
| 7:51 | Investigar | Loom |
| 8:01 | Construir | Mining Camp |
| 8:47 | Investigar | Feudal Age |
| 8:50 | Crear | Villager (Male) |
| 9:19 | Construir | House |
| 9:43 | Crear | Villager (Male) |
| 11:22 | Edad | Edad Feudal |
| 11:24 | Construir | Market |
| 11:27 | Construir | Blacksmith |
| 11:41 | Construir | Palisade Wall |
| 11:53 | Construir | Mining Camp |
| 12:07 | Investigar | Double-Bit Axe |
| 12:16 | Investigar | Castle Age |
| 12:56 | Construir | House |
| 12:57 | Construir | House |
| 14:13 | Construir | House |
| 14:14 | Construir | House |
| 14:22 | Crear | Villager (Male) |
| 14:56 | Edad | Edad de los Castillos |
| 15:51 | Construir | Castle |
| 15:54 | Construir | Mining Camp |
| 16:08 | Crear | Villager (Male) |
| 16:28 | Construir | House |
| 16:38 | Crear | Villager (Male) |
| 16:44 | Crear | Villager (Male) |
| 16:51 | Construir | Farm |
| 16:54 | Construir | Farm |
| 16:59 | Construir | House |
| 17:01 | Construir | House |
| 17:12 | Construir | Monastery |
| 17:19 | Crear | Hussite Wagon |
| 17:30 | Crear | Villager (Male) |
| 17:33 | Crear | Villager (Male) |
| 17:46 | Crear | Hussite Wagon |
| 17:56 | Crear | Monk |
| 18:01 | Crear | Hussite Wagon |
| 18:08 | Crear | Villager (Male) |
| 18:15 | Construir | House |
| 18:17 | Construir | Farm |
| 18:21 | Crear | Villager (Male) |
| 18:36 | Investigar | Fervor |
| 18:39 | Crear | Hussite Wagon |
| 18:52 | Crear | Monk |
| 19:08 | Crear | Villager (Male) |
| 19:24 | Crear | Villager (Male) |
| 19:26 | Construir | House |
| 19:37 | Construir | Siege Workshop |
| 20:06 | Crear | Hussite Wagon |
| 20:18 | Investigar | Redemption |
| 20:21 | Crear | Hussite Wagon |
| 20:24 | Crear | Villager (Male) |
| 20:40 | Crear | Hussite Wagon |
| 20:42 | Crear | Monk |
| 20:53 | Crear | Villager (Male) |
| 21:09 | Crear | Hussite Wagon |
| 21:10 | Crear | Monk |
| 21:15 | Crear | Villager (Male) |
| 21:22 | Construir | Farm |
| 21:38 | Crear | Hussite Wagon |
| 21:39 | Crear | Monk |
| 22:04 | Crear | Hussite Wagon |
| 22:12 | Investigar | Fletching |
| 22:13 | Investigar | Fletching |
| 23:15 | Crear | Monk |
| 23:16 | Crear | Monk |
| 23:16 | Crear | Monk |
| 23:46 | Crear | Villager (Male) |
| 25:07 | Investigar | Imperial Age |
| 25:12 | Crear | Hussite Wagon |
| 25:12 | Crear | Hussite Wagon |
| 25:36 | Construir | House |
| 25:54 | Crear | Monk |
| 25:58 | Investigar | Atonement |
| 26:02 | Crear | Monk |
| 26:06 | Crear | Hussite Wagon |
| 26:24 | Investigar | Bow Saw |
| 26:27 | Crear | Hussite Wagon |
| 26:46 | Crear | Hussite Wagon |
| 26:54 | Investigar | Sanctity |
| 26:55 | Crear | Monk |
| 27:15 | Crear | Hussite Wagon |
| 27:18 | Crear | Monk |
| 27:33 | Construir | House |
| 27:38 | Construir | House |
| 28:17 | Edad | Edad Imperial |
| 28:17 | Crear | Trebuchet (Packed) |
| 28:18 | Crear | Trebuchet (Packed) |
| 28:51 | Crear | Monk |
| 29:14 | Crear | Trebuchet (Packed) |
| 29:22 | Construir | Mining Camp |
| 29:45 | Crear | Trebuchet (Packed) |
| 29:48 | Crear | Monk |
| 30:06 | Crear | Villager (Male) |
| 30:06 | Crear | Villager (Male) |
| 30:06 | Crear | Villager (Male) |
| 31:06 | Construir | House |
| 31:07 | Construir | House |
| 31:07 | Construir | House |
| 31:10 | Crear | Hussite Wagon |
| 31:10 | Crear | Hussite Wagon |
| 32:50 | Investigar | Bodkin Arrow |
| 32:51 | Crear | Hussite Wagon |
| 32:51 | Crear | Hussite Wagon |
| 33:00 | Crear | Monk |
| 33:14 | Crear | Hussite Wagon |
| 33:58 | Crear | Hussite Wagon |
| 33:58 | Crear | Hussite Wagon |
| 34:16 | Crear | Hussite Wagon |
| 34:16 | Crear | Hussite Wagon |
| 34:18 | Crear | Monk |
| 34:18 | Crear | Monk |
| 34:27 | Crear | Trebuchet (Packed) |
| 34:27 | Crear | Trebuchet (Packed) |
| 34:31 | Crear | Hussite Wagon |
| 34:46 | Crear | Hussite Wagon |
| 35:50 | Construir | Castle |
| 35:51 | Construir | Mining Camp |
| 36:29 | Crear | Hussite Wagon |
| 36:30 | Crear | Hussite Wagon |
| 37:02 | Crear | Hussite Wagon |
Cronología de la partida
| 4:03 | ałe · wall_segment Palisade Wall x14 |
| 6:54 | ałe · wall_segment Palisade Wall x15 |
| 10:50 | Brennus · age_up feudal |
| 11:22 | ałe · age_up feudal |
| 11:41 | ałe · wall_segment Palisade Wall x1 |
| 13:17 | Brennus · first_building Barracks |
| 14:56 | ałe · age_up castle |
| 14:57 | Brennus · age_up castle |
| 15:05 | Brennus · first_building Monastery |
| 15:51 | ałe · first_building Castle |
| 16:41 | Brennus · first_building Siege Workshop |
| 17:12 | ałe · first_building Monastery |
| 17:46 | ałe · first_market_buy 100 wood |
| 18:33 | Brennus · first_market_sell 100 food |
| 19:37 | ałe · first_building Siege Workshop |
| 22:07 | Brennus · first_building Castle |
| 24:04 | ałe · first_market_sell 500 wood |
| 28:17 | ałe · age_up imperial |
| 28:34 | Brennus · first_building Stable |
| 31:27 | Brennus · first_market_buy 100 wood |
| 36:23 | Brennus · age_up imperial |
| 52:36 | Brennus · wall_segment Stone Wall x17 |
| 56:45 | Brennus · resign |
[ ANÁLISIS IA · 1 CRÉDITO ]
¿Qué pasó realmente en esta partida?
Wolo.gg analiza cada decisión: build order, eco, micro, errores típicos por bracket. Análisis personalizado por WhatsApp o Discord en 30 segundos.
Guía civ
Francos
Perfil
Brennus